 Dungeon Crawl Stone Soup version 0.23-a0-558-g30802b1 (webtiles) character file.

38 zishaf the Insei (level 3, 0/21 HPs)
             Began as a Tengu Transmuter on Dec 12, 2018.
             Succumbed to a worker ant's poison
             ... on level 2 of the Dungeon.
             The game lasted 00:01:47 (1745 turns).

zishaf the Insei (Tengu Transmuter)                 Turns: 1745, Time: 00:01:48

Health: 0/21       AC:  5    Str: 10    XL:     3   Next: 43%
Magic:  7/7        EV: 11    Int: 14    God:
Gold:   61         SH:  0    Dex: 14    Spells: 3/6 levels left

rFire    + . .     SeeInvis .   g - -1 dagger (curse)
rCold    + . .     Gourm    .   (no shield)
rNeg     . . .     Faith    .   n - +0 ring mail
rPois    .         Spirit   .   (helmet restricted)
rElec    .         Reflect  .   e - scarf {rC+ rF+}
rCorr    .         Harm     .   (no gloves)
MR       .....     Rnd*Tele +   (boots unavailable)
Stlth    +.........             (no amulet)
HPRegen  0.07/turn              i - ring of teleportation (curse)
MPRegen  0.10/turn              (no ring)

@: lethally poisoned (0 -> -12)
A: beak, talons 3
a: no special abilities


You were on level 2 of the Dungeon.
You were not hungry.

You visited 1 branch of the dungeon, and saw 2 of its levels.

You collected 61 gold pieces.

Inventory:

Hand Weapons
 g - a cursed -1 dagger (weapon)
Missiles
 a - 43 arrows
Armour
 b - a +0 robe
 e - a scarf of resistance (worn)
 n - a +0 ring mail (worn)
Jewellery
 i - a cursed ring of teleportation (left hand)
Scrolls
 c - 3 scrolls of remove curse {unknown}
 f - 2 scrolls of identify {unknown}
 h - a scroll of amnesia {unknown}
 j - a scroll of random uselessness {unknown}
 m - a scroll of fear {unknown}
Potions
 k - a potion of mutation {unknown}
Comestibles
 d - 3 rations


   Skills:
 + Level 1.6 Fighting
 + Level 0.0 Armour
 + Level 2.7 Dodging
 - Level 3.2 Unarmed Combat
 - Level 2.0 Spellcasting
 * Level 2.4 Transmutations


You had 3 spell levels left.
You knew the following spells:

 Your Spells              Type           Power        Failure   Level  Hunger
a - Beastly Appendage     Tmut           #.....       22%         1    ##.....
b - Sticks to Snakes      Tmut           #.......     34%         2    ###....

Your spell library contained the following spells:

 Spells                   Type           Power        Failure   Level  Hunger
 Spider Form              Tmut/Pois      #.........   75%         3    ####...
 Ice Form                 Ice/Tmut       #.......     98%         4    #####..
 Blade Hands              Tmut           #.........   99%         5    ######.


Dungeon Overview and Level Annotations

Branches:
Dungeon (2/15)

Altars:


Innate Abilities, Weirdness & Mutations

You have a beak for a mouth.
You have claws for feet.


Message History

The worker ant is almost dead.
The worker ant bites you.
You are poisoned.
The worker ant poisons you! The worker ant bites you.
You hit the worker ant but do no damage.
Your kick misses the worker ant. You peck the worker ant.
Your punch misses the worker ant.
The worker ant is almost dead.
You feel sick. The worker ant bites you.
You are lethally poisoned!
The worker ant poisons you!
You hit the worker ant but do no damage.
Your peck misses the worker ant.
The worker ant is almost dead.
You feel sick. The worker ant bites you.
* * * LOW HITPOINT WARNING * * *
You hit the worker ant but do no damage.
Your peck misses the worker ant.
The worker ant is almost dead.
You die...

...'.........+
####.........#
##.......##
##.....##
##...## ##'##
#.# #.########
#.@a......
#...#######
?......
....#...##
.##.##..# #
#..# .... ##..


You could see a worker ant.

Vanquished Creatures
  A dart slug (D:1)
  A leopard gecko (D:1)
  4 bats
  2 giant cockroaches
  7 goblins (D:1)
  6 hobgoblins
  3 frilled lizards
  5 kobolds
  4 rats (D:1)
33 creatures vanquished.

Notes
Turn   | Place    | Note
-------+----------+-------------------------------------------
     0 | D:1      | zishaf the Tengu Transmuter began the quest for the Orb.
     0 | D:1      | Reached XP level 1. HP: 12/12 MP: 4/4
    78 | D:1      | Reached XP level 2. HP: 2/16 MP: 6/6
   510 | D:1      | Learned a level 2 spell: Sticks to Snakes
   847 | D:1      | Reached XP level 3. HP: 12/20 MP: 7/7
  1744 | D:2      | HP: 1/21 [worker ant (6)]
  1745 | D:2      | Succumbed to a worker ant's poison

Vault maps used:
D:1:      mrwooster_arrival_arrow

Skill      XL: |  1  2 |
---------------+-------+-----
Transmutations | 2 |  2.4
Fighting       | |  1.6
Dodging        | |  2.7
Unarmed Combat | |  3.2
Spellcasting   | |  2.0

Action                   || total
-------------------------++-------
Melee: Unarmed           ||    18
       Kick              ||    19
       Dagger            ||    80
       Peck              ||    13
       Punch             ||     2
  Eat: Chunk             ||     3
Armor: Robe              ||     8
       Ring mail         ||     9
Dodge: Dodged            ||    54

Table legend:
 A = Non-vault XP
 B = Vault XP
 C = Vault XP percentage of total XP
 D = Non-vault monster count
 E = Vault monster count
 F = Vault count percentage of total count
                 A         B        C        D         E       F
            +---------+---------+-------+---------+---------+-------
      Total |      55 |       0 |   0.0 |      33 |       0 |   0.0
            +---------+---------+-------+---------+---------+-------
        D:1 |      48 |       0 |   0.0 |      28 |       0 |   0.0
        D:2 |       7 |       0 |   0.0 |       5 |       0 |   0.0
            +---------+---------+-------+---------+---------+-------
